 Dungeon Crawl Stone Soup version 0.23-a0-321-g6bcb69f058 (webtiles) character file.

111181 Rrauwl the Summoner (level 16, -3/122 HPs)
             Began as a Barachi Ice Elementalist on Oct 13, 2018.
             Was the Champion of Cheibriados.
             Killed from afar by a shock serpent (20 damage)
             ... with a bolt of electricity
             ... on level 2 of the Snake Pit on Oct 15, 2018.
             The game lasted 03:32:11 (38135 turns).

Rrauwl the Summoner (Barachi Ice Elementalist)     Turns: 38135, Time: 03:32:11

Health: -3/122     AC: 19    Str: 27    XL:     16   Next: 57%
Magic:  19/29      EV: 19    Int: 35    God:    Cheibriados [******]
Gold:   349        SH:  0    Dex: 34    Spells: 14/34 levels left

rFire    . . .     SeeInvis +   a - +5 glaive (freeze)
rCold    + . .     Gourm    .   (shield currently unavailable)
rNeg     . . .     Faith    .   m - +3 chain mail {rPois}
rPois    +         Spirit   .   N - +2 hat {SInv}
rElec    .         Reflect  .   (no cloak)
rCorr    .         Harm     .   x - +0 pair of gloves
MR       +....     Clarity  +   k - +0 pair of boots
Stlth    ..........             f - amulet of magic regeneration
HPRegen  0.30/turn              L - ring of protection from cold
MPRegen  0.46/turn              E - +6 ring of dexterity

@: very slow
A: +LOS, swims, hooves 1, clarity, slowness 1, subdued magic 1, strong legs 2
a: Hop, Bend Time, Temporal Distortion, Slouch, Step From Time, Renounce
Religion


You were on level 2 of the Snake Pit.
You worshipped Cheibriados.
Cheibriados was exalted by your worship.
You were not hungry.

You visited 5 branches of the dungeon, and saw 26 of its levels.
You also visited: Sewer.

You collected 2397 gold pieces.
You spent 2048 gold pieces at shops.

Inventory:

Hand Weapons
 a - a +5 glaive of freezing (weapon)
 b - the +2 shortbow of Qaoxig {freeze, rElec MR+}
   (You found it on level 4 of the Lair of Beasts)

   It causes projectiles fired from it to freeze those they strike, causing
   extra injury to most foes and up to half again as much damage against
   particularly susceptible opponents.
   They can also slow down cold-blooded creatures.
   It insulates you from electricity.
   It affects your resistance to hostile enchantments.
 c - a +1 spear
Missiles
 l - 708 arrows
 u - 5 throwing nets (quivered)
Armour
 k - a +0 pair of boots (worn)
 m - a +3 chain mail of poison resistance (worn)
 x - a +0 pair of gloves (worn)
 N - a +2 hat of see invisible (worn)
Jewellery
 f - an amulet of magic regeneration (around neck)
 g - the ring "Ocsur" {Str-2 Int+5 SInv Stlth-}
   (You bought it in a shop on level 15 of the Dungeon)

   [ring of strength]

   It affects your strength (-2).
   It affects your intelligence (+5).
   It lets you see invisible.
   It makes you less stealthy.
 t - an uncursed ring of positive energy
 E - a +6 ring of dexterity (right hand)
 G - an uncursed ring of protection from magic
 L - a ring of protection from cold (left hand)
Wands
 h - a wand of enslavement (21)
 j - a wand of polymorph (15)
 o - a wand of disintegration (10)
 q - a wand of iceblast (12)
 s - a wand of digging (20)
 v - a wand of flame (45)
 y - a wand of acid (18)
 D - a wand of scattershot (6)
Scrolls
 i - 16 scrolls of identify
 w - 6 scrolls of remove curse
 A - 3 scrolls of fog
 B - 2 scrolls of teleportation
 I - 3 scrolls of magic mapping
 K - a scroll of fear
Potions
 d - a potion of cancellation
 n - 9 potions of curing
 p - a potion of flight
 r - a potion of heal wounds
 O - a potion of magic
Miscellaneous
 C - a lamp of fire
 J - a box of beasts
 M - a lightning rod (4/4)
Comestibles
 e - 29 rations


   Skills:
 - Level 10.0 Fighting
 + Level 9.5 Polearms
 - Level 5.0 Bows
 + Level 9.9 Armour
 + Level 9.6 Dodging
 - Level 2.0 Stealth
 + Level 9.5 Spellcasting
 + Level 9.7 Conjurations
 - Level 10.0 Summonings
 + Level 2.2 Translocations
 - Level 5.0 Transmutations
 - Level 5.0 Fire Magic
 - Level 10.0 Ice Magic
 - Level 5.0 Air Magic
 - Level 5.0 Earth Magic
 + Level 9.3 Invocations
 + Level 9.7 Evocations


You had 14 spell levels left.
You knew the following spells:

 Your Spells              Type           Power        Failure   Level  Hunger
a - Throw Frost           Conj/Ice       ######       1%          2    None
b - Summon Ice Beast      Ice/Summ       ######..     1%          4    None
c - Summon Lightning Spi  Summ/Air       ######..     4%          4    None
d - Sticks to Snakes      Tmut           #####...     1%          2    None
e - Passwall              Tmut/Erth      #####...     1%          2    None
f - Bolt of Magma         Conj/Fire/Erth #####.....   19%         5    ###....
g - Apportation           Tloc           ###...       3%          1    None

Your spell library contained the following spells:

 Spells                   Type           Power        Failure   Level  Hunger
 Freeze                   Ice            ####         1%          1    None
 Magic Dart               Conj           ####         1%          1    None
 Shock                    Conj/Air       ####         1%          1    None
 Summon Small Mammal      Summ           ####         1%          1    None
 Call Imp                 Summ           ######..     1%          2    None
 Searing Ray              Conj           ######       1%          2    None
 Call Canine Familiar     Summ           ######..     1%          3    None
 Static Discharge         Conj/Air       ######..     1%          3    None
 Iskenderun's Mystic Bla  Conj           ######..     1%          4    None
 Throw Icicle             Conj/Ice       ######..     1%          4    None
 Dazzling Spray           Conj/Hex       #####.       3%          3    None
 Ozocubu's Armour         Chrm/Ice       #####...     3%          3    None
 Summon Guardian Golem    Hex/Summ       #####...     3%          3    None
 Poisonous Vapours        Pois/Air       ####..       4%          2    None
 Swiftness                Chrm/Air       ####....     4%          2    None
 Ice Form                 Ice/Tmut       ######..     4%          4    None
 Force Lance              Conj/Tloc      #####...     8%          4    None
 Animate Skeleton         Necr           N/A          10%         1    None
 Confusing Touch          Hex            ##....       10%         1    None
 Infusion                 Chrm           ##..         10%         1    None
 Shroud of Golubria       Chrm/Tloc      ###.......   10%         2    None
 Gell's Gravitas          Tloc           ###.......   12%         3    None
 Airstrike                Air            #####.....   13%         4    None
 Fulminant Prism          Conj/Hex       #####.....   13%         4    None
 Petrify                  Tmut/Erth      #####...     13%         4    None
 Lightning Bolt           Conj/Air       ######....   13%         5    ###....
 Song of Slaying          Chrm           ##......     16%         2    None
 Confuse                  Hex            ##......     30%         3    None
 Regeneration             Chrm/Necr      ##........   30%         3    None
 Spectral Weapon          Hex/Chrm       ##......     30%         3    None
 Leda's Liquefaction      Hex/Erth       ####......   34%         4    None
 Blade Hands              Tmut           #####.....   34%         5    ###....
 Metabolic Englaciation   Hex/Ice        #####.....   34%         5    ###....
 Iron Shot                Conj/Erth      ######....   61%         6    #####..
 Alistair's Intoxication  Tmut/Pois      ####....     71%         5    ###....
 Yara's Violent Unravell  Hex/Tmut       ####......   71%         5    ###....
 Hydra Form               Tmut           #####.....   91%         6    #####..
 Statue Form              Tmut/Erth      #####....    91%         6    #####..
 Shatter                  Erth           #####.....   100%        9    #######


Dungeon Overview and Level Annotations

Branches:
Dungeon (15/15)            Temple (1/1) D:7            Lair (6/6) D:9
  Swamp (0/4) Lair:4        Snake (2/4) Lair:3        Slime (0/5) Lair:5
    Orc (2/2) D:10            Elf (0/3) Orc:2        Vaults (0/5) D:14
 Depths (0/5) D:15

Altars:
Ashenzari
Cheibriados
Dithmenos
Elyvilon
Fedhas
Gozag
Hepliaklqana
Kikubaaqudgha
Makhleb
Nemelex Xobeh
Okawaru
Qazlal
Ru
Sif Muna
Trog
Uskayaw
Vehumet
Wu Jian
Xom
Yredelemnul
Zin
The Shining One
Beogh

Shops:
D:2 *   D:15 =   Orc:2 (}%?!   Snake:2 :

Portals:
Pandemonium: Orc:2

Annotations:
D:9 3 runed doors, feta's ghost, novice GnFi


Innate Abilities, Weirdness & Mutations

Shadows flee at your approach. (+LOS)
You can swim through water.
You cover ground slowly.
You can hop long distances.
You have large cloven feet.
You possess an exceptional clarity of mind.
Your spells are a little easier to cast, but a little less powerful.


Message History

Unknown command.
You hit the shock serpent.
The shock serpent seems to slow down.
You freeze the shock serpent.
The shock serpent is heavily wounded.
The shock serpent's electric aura discharges, shocking you!
The shock serpent bites you! The shock serpent shocks you!
* * * LOW HITPOINT WARNING * * *
Unknown command.
Your ice beast barely misses the shock serpent.
The shock serpent bites you but does no damage.
Your ice beast hits the shock serpent.
Your ice beast freezes the shock serpent!
The shock serpent seems to slow down.
The shock serpent's electric aura discharges, shocking your ice beast!
Your ice beast closely misses the shock serpent.
The shock serpent shoots out a bolt of lightning at you!
The bolt of electricity hits you!
* * * LOW HITPOINT WARNING * * *
The bolt of electricity hits you!
You die...

...(.## ###...........
....## ###.....#.#
....# ##......# ...##
###......## ##
..####.##........# ..#
..# #......########.##
.##
#....#.....Y.#...#... .
....####.###.SY..∩.....
. .## #.#. ###@#...#.#
#. . ### .# .# .. .. ##
... ... ...


You could see a shock serpent and 2 friendly ice beasts.

Vanquished Creatures
  A fire giant (D:14)
  2 entropy weavers (D:12)
  3 dire elephants (Lair:6)
  Snorg (Lair:5)
  Josephine (Lair:6)
  5 naga warriors
  A hydra (Lair:3)
  4 vault guards (D:14)
  Harold (D:11)
  A catoblepas (D:14)
  2 centaur warriors (D:14)
  3 anacondas
  4 two-headed ogres
  A queen ant (D:12)
  2 ogre magi
  A tengu warrior (D:12)
  A shock serpent (Snake:2)
  6 orc high priests (Orc:2)
  The ghost of Jesh the Unseen, a journeyman SpEn of Dithmenos (D:12)
  Nergalle (D:10)
  A sun demon (Orc:2)
  5 skeletal warriors
  A flayed ghost (D:14)
  3 unseen horrors (D:12)
  2 wizards
  A gelid demonspawn (Orc:2)
  2 naga ritualists (Snake:1)
  3 orc knights
  A mana viper (Snake:1)
  2 cyclopes (D:11)
  4 orc sorcerers
  2 manticores
  7 ugly things
  A salamander (Snake:1)
  A guardian serpent (Snake:1)
  10 black mambas
  Joseph (D:7)
  Maurice (D:11)
  A naga mage (Snake:2)
  3 elephants
  A gargoyle (D:14)
  10 spiny frogs
  An orange demon (Orc:2)
  4 torpor snails
  A yaktaur (D:14)
  2 kobold demonologists
  4 rime drakes
  5 komodo dragons
  A hellwing (Orc:2)
  An ice devil (Orc:2)
  4 trolls
  A tengu conjurer (D:15)
  3 meliai (D:15)
  6 blink frogs
  A slime creature (Lair:5)
  4 hornets
  8 hippogriffs
  Sigmund (D:2)
  2 shadows
  A centaur simulacrum (D:15)
  31 yaks
  A vampire (D:14)
  2 wraiths (Lair:5)
  8 wyverns
  3 basilisks (Lair:4)
  A fire elemental (D:15)
  4 humans
  2 vampire mosquitoes (D:15)
  10 nagas
  Menkaure (D:6)
  A warg (Orc:2)
  An acid dragon (D:13)
  A hell hound (D:15)
  13 soldier ants (D:12)
  6 water moccasins
  4 porcupines
  2 ice beasts
  A sky beast (D:10)
  A black bear (Lair:2)
  16 orc warriors
  An eye of draining (D:14)
  A hornet zombie (D:14)
  4 ogres
  A phantom (D:11)
  7 wolves
  7 crocodiles
  11 centaurs
  13 bullfrogs
  A gnoll sergeant (D:8)
  A scorpion (D:9)
  9 killer bees
  10 wights
  4 crimson imps
  A bullfrog zombie (D:11)
  2 centaur zombies
  A wyvern simulacrum (D:14)
  11 hounds
  3 jellies
  18 orc priests
  3 centaur skeletons
  7 iguanas
  Ijyb (D:10)
  12 orc wizards
  17 worker ants
  4 hound skeletons
  A worker ant zombie (D:6)
  13 gnolls
  21 adders
  3 shadow imps
  2 adder zombies
  3 worms
  4 dart slugs
  4 leopard geckos
  53 orcs
  7 bats
  17 giant cockroaches
  12 goblins
  5 hobgoblins
  15 jackals
  5 quokkas
  3 ball pythons
  6 frilled lizards
  14 kobolds
  A leopard gecko skeleton (D:6)
  A quokka zombie (D:5)
  9 rats
  A fungus (Lair:6)
  3 plants
617 creatures vanquished.

Vanquished Creatures (collateral kills)
  Gastronok (Orc:1)
  Roxanne (Snake:1)
  Louise (D:15)
  An orc warlord (D:10)
  A dire elephant (Lair:6)
  Azrael (D:15)
  A rakshasa (D:14)
  5 hydras
  3 centaur warriors
  An ogre mage (D:15)
  3 tengu warriors
  An anaconda (Snake:1)
  6 two-headed ogres
  An orc high priest (Orc:2)
  A shock serpent (Snake:2)
  A fire crab (D:14)
  2 naga sharpshooters
  5 orc knights
  A deep elf knight (D:14)
  2 skeletal warriors (D:14)
  A naga ritualist (Snake:1)
  A wolf spider zombie (D:15)
  3 orc sorcerers
  2 oklob plants (Lair:3)
  A manticore (Lair:4)
  4 ugly things
  2 salamanders (Snake:1)
  4 elephants
  8 black mambas
  2 cyclopes (D:14)
  6 naga magi
  Psyche (D:12)
  4 spiny frogs
  5 rime drakes
  3 kobold demonologists
  6 komodo dragons
  A tengu conjurer (D:13)
  5 hippogriffs
  8 blink frogs
  3 slime creatures (D:15)
  2 wyverns
  A ynoxinul (Orc:2)
  3 wraiths (Lair:5)
  32 yaks
  A spriggan (D:8)
  Grum (D:11)
  3 basilisks
  2 fire elementals (D:15)
  2 humans (D:10)
  8 vampire mosquitoes (D:15)
  13 nagas
  8 soldier ants (D:12)
  A hell hound (D:15)
  A swamp drake (Lair:4)
  7 water moccasins
  7 porcupines
  An ice beast (D:6)
  19 orc warriors
  A sky beast (D:5)
  7 ogres
  8 wolves
  A necrophage (D:8)
  5 centaurs
  11 crocodiles
  3 big kobolds
  Blork the orc (D:6)
  10 bullfrogs
  A gnoll sergeant (D:8)
  2 scorpions
  2 wyvern skeletons
  3 killer bees (D:10)
  6 wights
  A howler monkey (D:7)
  An electric eel (Lair:4)
  4 crimson imps
  4 jellies
  6 hounds
  A gnoll shaman (Orc:2)
  20 orc priests
  12 orc wizards
  3 worker ants
  7 gnolls
  A howler monkey skeleton (D:10)
  An adder skeleton (D:6)
  56 orcs
  A jackal (D:10)
  7 kobolds
  A quokka (D:11)
  A leopard gecko zombie (D:8)
  2 fungi
  A plant (Lair:6)
412 creatures vanquished.

Vanquished Creatures (others)
  An unseen horror (D:15)
  A shadow (D:14)
  A soldier ant (D:12)
  A jelly (D:15)
  19 fungi
  25 plants
48 creatures vanquished.

Grand Total: 1077 creatures vanquished

Notes
Turn   | Place    | Note
-------+----------+-------------------------------------------
     0 | D:1      | Rrauwl the Barachi Ice Elementalist began the quest for the
                  | Orb.
     0 | D:1      | Reached XP level 1. HP: 13/13 MP: 3/3
   491 | D:1      | Reached XP level 2. HP: 17/20 MP: 0/5
   738 | D:1      | Learned a level 2 spell: Throw Frost
  1105 | D:1      | Reached skill level 1 in Armour
  1188 | D:1      | Reached skill level 1 in Fighting
  1190 | D:1      | Reached XP level 3. HP: 26/26 MP: 3/6
  1600 | D:2      | Found a faded altar of an unknown god.
  1815 | D:2      | Reached XP level 4. HP: 12/32 MP: 0/8
  2019 | D:2      | Learned a level 4 spell: Summon Ice Beast
  2260 | D:2      | Found Zin's Purification Station.
  2265 | D:2      | Found a glowing silver altar of Zin.
  2526 | D:2      | Reached XP level 5. HP: 38/38 MP: 3/9
  2569 | D:2      | Reached skill level 1 in Summonings
  2690 | D:2      | Found a shimmering altar of Xom.
  2725 | D:2      | Found an opulent altar of Gozag.
  2766 | D:2      | Noticed Sigmund
  2800 | D:2      | Killed Sigmund
  2800 | D:2      | Reached skill level 5 in Ice Magic
  2800 | D:2      | Reached XP level 6. HP: 24/44 MP: 0/10
  3449 | D:3      | Found a glowing drain.
  3453 | Sewer    | Entered a sewer
  3740 | Sewer    | Reached XP level 7. HP: 19/50 MP: 6/11
  5181 | D:4      | Found a sparkling altar of Nemelex Xobeh.
  5186 | D:4      | Found a stormy altar of Qazlal.
  5193 | D:4      | Found a glowing golden altar of the Shining One.
  5680 | D:4      | Reached XP level 8. HP: 55/58 MP: 2/12
  5890 | D:5      | Entered Level 5 of the Dungeon
  5904 | D:5      | Gained mutation: Your spells are a little easier to cast,
                  | but a little less powerful. [potion of mutation]
  5904 | D:5      | Gained mutation: You have large cloven feet. [potion of
                  | mutation]
  5904 | D:5      | Gained mutation: You possess an exceptional clarity of
                  | mind. [potion of mutation]
  6032 | D:5      | Found a stormy altar of Qazlal.
  6748 | D:5      | Found a snail-covered altar of Cheibriados.
  6753 | D:5      | Became a worshipper of Cheibriados the Contemplative
  6855 | D:5      | Found an opulent altar of Gozag.
  7000 | D:5      | Reached * piety under Cheibriados
  7392 | D:6      | Noticed Menkaure
  7561 | D:6      | Killed Menkaure
  7606 | D:6      | Noticed Blork the orc
  7612 | D:6      | Killed Blork the orc
  7619 | D:6      | Found a shattered altar of Ashenzari.
  7861 | D:6      | Reached ** piety under Cheibriados
  7873 | D:6      | Reached skill level 5 in Summonings
  8601 | D:7      | Reached skill level 5 in Dodging
  8601 | D:7      | Reached XP level 9. HP: 47/65 MP: 10/15
  9153 | D:7      | Noticed a hornet
  9162 | D:7      | Killed a hornet
  9417 | D:7      | Reached *** piety under Cheibriados
  9535 | D:7      | Noticed Joseph
  9550 | D:7      | Killed Joseph
  9609 | D:7      | You fall through a shaft!
  9630 | D:8      | Reached skill level 1 in Evocations
  9694 | D:8      | Reached skill level 1 in Polearms
  9702 | D:8      | Reached skill level 1 in Invocations
 10024 | D:7      | Found a staircase to the Ecumenical Temple.
 10037 | Temple   | Entered the Ecumenical Temple
 10369 | D:8      | Reached **** piety under Cheibriados
 10730 | D:8      | Noticed a two-headed ogre
 10737 | D:8      | Killed a two-headed ogre
 10737 | D:8      | Reached XP level 10. HP: 64/71 MP: 8/16
 10826 | D:9      | Found a runed gate.
 10826 | D:9      | Found a runed gate.
 10829 | D:9      | Found a runed gate.
 10831 | D:9      | Noticed feta's ghost (novice GnFi)
 10955 | D:9      | Noticed a two-headed ogre
 10979 | D:9      | Killed a two-headed ogre
 11455 | D:9      | Reached ***** piety under Cheibriados
 11486 | D:9      | Found a hazy altar of Hepliaklqana.
 11548 | D:9      | Found a staircase to the Lair.
 11805 | D:9      | HP: 2/73 [basilisk (13)]
 12449 | Lair:1   | Entered Level 1 of the Lair of Beasts
 12902 | Lair:2   | Reached skill level 5 in Armour
 12918 | Lair:2   | Reached XP level 11. HP: 41/78 MP: 12/17
 13091 | Lair:2   | Reached skill level 5 in Polearms
 13098 | Lair:2   | Reached skill level 5 in Fighting
 13116 | Lair:2   | Reached skill level 5 in Conjurations
 13249 | Lair:2   | Reached skill level 5 in Spellcasting
 13440 | Lair:1   | Reached skill level 5 in Invocations
 13510 | Lair:1   | Noticed a four-headed hydra
 13520 | Lair:1   | Killed a four-headed hydra
 14487 | Lair:2   | Got a twisted ring mail
 14498 | Lair:2   | Identified the +5 ring mail "Bewnu" {rElec rF++ rC- rN+}
                  | (You found it on level 2 of the Lair of Beasts)
 15392 | D:10     | Entered Level 10 of the Dungeon
 15433 | D:10     | Found a runed door.
 15453 | D:10     | Found a runed door.
 15461 | D:10     | Noticed Ijyb
 15466 | D:10     | Reached ****** piety under Cheibriados
 15486 | D:10     | Reached XP level 12. HP: 80/88 MP: 18/21
 15493 | D:10     | Killed Ijyb
 15801 | D:10     | Found a runed door.
 15929 | D:10     | Found a runed door.
 15933 | D:10     | Found a runed door.
 15939 | D:10     | Found a runed door.
 15994 | D:10     | Noticed Nergalle
 16005 | D:10     | Killed Nergalle
 16024 | D:10     | Found a staircase to the Orcish Mines.
 16075 | D:10     | Found a roughly hewn altar of Beogh.
 16450 | D:11     | Noticed Grum
 16463 | D:11     | Killed Grum
 16506 | D:11     | Noticed Harold
 16512 | D:11     | Noticed Maurice
 16526 | D:11     | Killed Harold
 16900 | D:11     | Killed Maurice
 17152 | D:11     | Reached skill level 10 in Summonings
 17158 | D:11     | Reached skill level 10 in Ice Magic
 17703 | D:12     | Noticed Psyche
 17710 | D:12     | Killed Psyche
 17710 | D:12     | Reached skill level 5 in Evocations
 18157 | D:12     | Found a runed gate.
 18157 | D:12     | Found a runed gate.
 18157 | D:12     | Noticed a tengu warrior
 18157 | D:12     | Noticed a tengu warrior
 18157 | D:12     | Noticed a tengu warrior
 18158 | D:12     | Noticed Jesh's ghost (journeyman SpEn)
 18159 | D:12     | Found a runed gate.
 18160 | D:12     | Noticed a naga warrior
 18160 | D:12     | Noticed a centaur warrior
 18161 | D:12     | Found an iron altar of Okawaru.
 18224 | D:12     | Gained mutation: You can hop long distances. [Barachi
                  | growth]
 18224 | D:12     | Reached XP level 13. HP: 93/93 MP: 22/22
 18542 | D:12     | Noticed an entropy weaver
 18693 | D:12     | Noticed an entropy weaver
 18703 | D:12     | Killed an entropy weaver
 18705 | D:12     | Killed an entropy weaver
 19459 | D:12     | Killed Jesh's ghost
 19826 | D:12     | Identified Sif Muna's Tome of Transformation
 19831 | D:12     | Learned a level 2 spell: Passwall
 19834 | D:12     | Learned a level 2 spell: Sticks to Snakes
 19836 | D:12     | Got a distressingly furry plate armour
 19847 | D:12     | Identified the cursed +1 plate armour of Satisfaction
                  | {rPois rC- rN++} (You found it on level 12 of the Dungeon)
 20029 | D:13     | Learned a level 4 spell: Summon Lightning Spire
 20291 | D:13     | Reached skill level 1 in Transmutations
 20783 | D:14     | Reached skill level 1 in Air Magic
 20925 | D:14     | Reached skill level 1 in Earth Magic
 21357 | D:14     | Identified Sif Muna's Disquisition on Shifting Poison
 21609 | D:14     | Noticed a fire giant
 21631 | D:14     | Killed a fire giant
 21920 | D:14     | Noticed a rakshasa
 21933 | D:14     | Killed a rakshasa
 21933 | D:14     | Reached XP level 14. HP: 53/104 MP: 18/25
 23363 | D:14     | Reached skill level 1 in Bows
 23559 | D:14     | Found a gate to the Vaults.
 24016 | Lair:1   | Upgraded the game from 0.23-a0-313-gf30bb39dab to
                  | 0.23-a0-316-g6773f7a52e
 24083 | Lair:3   | Found a staircase to the Snake Pit.
 24264 | Lair:3   | Learned a level 5 spell: Bolt of Magma
 24805 | Lair:3   | Reached skill level 1 in Fire Magic
 25164 | Lair:3   | You fall through a shaft for 3 floors!
 25164 | Lair:6   | Entered Level 6 of the Lair of Beasts
 25415 | Lair:5   | Noticed Snorg
 25425 | Lair:5   | Killed Snorg
 25834 | Lair:5   | Found a staircase to the Slime Pits.
 26453 | Lair:4   | Got a crystal shortbow
 26463 | Lair:4   | Identified the +2 shortbow of Qaoxig {freeze, rElec MR+}
                  | (You found it on level 4 of the Lair of Beasts)
 26693 | Lair:4   | Reached XP level 15. HP: 102/112 MP: 8/27
 27224 | Lair:4   | Found a staircase to the Swamp.
 27737 | Lair:6   | Reached skill level 5 in Earth Magic
 27779 | Lair:6   | Noticed Josephine
 27785 | Lair:6   | Killed Josephine
 27785 | Lair:6   | Reached skill level 5 in Bows
 27944 | Lair:6   | Got a pair of warped gloves
 27955 | Lair:6   | Identified the +1 pair of gloves of Utappefaca {-Tele Str+3
                  | Dex+3} (You found it on level 6 of the Lair of Beasts)
 27994 | Lair:6   | Reached skill level 5 in Transmutations
 28656 | Lair:6   | Reached skill level 5 in Air Magic
 28780 | Lair:6   | Got an ichor-stained ring mail
 28791 | Lair:6   | Identified the +1 ring mail of the Solstice {Regen+ Str+2
                  | Int-4 Dex+2} (You found it on level 6 of the Lair of
                  | Beasts)
 29289 | D:15     | Entered Level 15 of the Dungeon
 29590 | D:15     | Noticed Azrael
 29891 | Orc:1    | Entered Level 1 of the Orcish Mines
 29891 | Orc:1    | Noticed Gastronok
 29902 | Orc:1    | Killed Gastronok
 29906 | Orc:1    | HP: 3/113 [orc warrior/halberd (33)]
 30282 | Orc:1    | Noticed an orc warlord
 30284 | Orc:1    | Paralysed by an orc sorcerer for 3 turns
 30775 | D:15     | Killed Azrael
 31228 | D:15     | Found a staircase to the Depths.
 31333 | D:15     | Found Eroor's Jewellery Shop.
 31345 | D:15     | Bought a cursed ring of teleportation for 72 gold pieces
 31345 | D:15     | Bought the cursed ring "Ocsur" {Str-2 Int+5 SInv Stlth-}
                  | for 268 gold pieces
 31345 | D:15     | Bought a cursed amulet of inaccuracy for 32 gold pieces
 31353 | D:15     | Bought an uncursed amulet of magic regeneration for 480
                  | gold pieces
 31370 | D:15     | Noticed Louise
 31408 | D:15     | Killed Louise
 31948 | D:10     | Killed an orc warlord
 32257 | Orc:1    | Paralysed by an orc sorcerer for 4 turns
 32669 | Orc:2    | Entered Level 2 of the Orcish Mines
 32886 | Orc:2    | Found a staircase to the Elven Halls.
 33126 | Orc:2    | Found Wemyps's Food Boutique.
 33209 | Orc:2    | Reached XP level 16. HP: 70/120 MP: 15/29
 33378 | Orc:2    | Found Uweuj's Distillery.
 33379 | Orc:2    | Found Esujiwy's Magic Scroll Boutique.
 33452 | Orc:2    | Bought a scroll of teleportation for 39 gold pieces
 33454 | Orc:2    | Bought a potion of heal wounds for 65 gold pieces
 33454 | Orc:2    | Bought a potion of magic for 104 gold pieces
 33454 | Orc:2    | Bought a potion of mutation for 104 gold pieces
 33921 | Orc:2    | Found Pymmev's Antique Weapon Shoppe.
 33921 | Orc:2    | Found a one-way gate leading to the halls of Pandemonium.
 33921 | Orc:2    | Found Poruatha's Gadget Emporium.
 33925 | Orc:2    | Bought a wand of scattershot (6) for 390 gold pieces
 33925 | Orc:2    | Bought a wand of digging (15) for 494 gold pieces
 34001 | Orc:2    | Paralysed by an orc sorcerer for 7 turns
 34067 | Orc:2    | Learned a level 1 spell: Apportation
 34155 | Orc:2    | Reached skill level 5 in Fire Magic
 34528 | Snake:1  | Entered Level 1 of the Snake Pit
 34529 | Snake:1  | Upgraded the game from 0.23-a0-316-g6773f7a52e to
                  | 0.23-a0-321-g6bcb69f058
 34985 | Snake:1  | Reached skill level 1 in Translocations
 36062 | Snake:1  | Noticed Roxanne
 36085 | Snake:1  | Reached skill level 10 in Fighting
 37501 | Snake:1  | Killed Roxanne
 38125 | Snake:2  | Found Buor Cagak's Book Boutique.
 38135 | Snake:2  | Killed from afar by a shock serpent

Vault maps used:
D:1:      dpeg_arrival_shrine
D:2:      zin_purify, grunt_temple_overflow_open,
          chequers_ecumenical_altar_simple_redux, uniq_sigmund
D:3:      gup_sewer_entry_spiral
D:4:      grunt_temple_overflow_diamond, first_ration,
          kennysheep_generic_room_16
D:5:      kennysheep_little_box, basic_altar, nicolae_qazlal_eye_of_the_storm
D:6:      evilmike_ruin_ashenzari, uniq_menkaure, uniq_blork_the_orc
D:7:      temple_fountains, enter_bailey_3, uniq_joseph
D:8:      the_bakery
D:9:      lemuel_doored_altar, minmay_lair_entry_grove,
          ebering_ghost_rock_garden
D:10:     erik_cavepeople, minmay_orc_entry_temple_small, uniq_nergalle
D:11:     grunt_ministairs_15, uniq_maurice, uniq_harold, uniq_grum
D:12:     gammafunk_ghost_fury_of_okawaru, zaba_antful_of_joy, uniq_psyche
D:13:     minmay_misc_feat_room
D:14:     minmay_tri_box, grunt_vaults_entry_fortified, roderic_serpentine_path
D:15:     grunt_enter_depths_magical_seal, hangedman_decor_riveting,
          serial_shops, shop, uniq_louise, uniq_azrael
Temple:   nicolae_temple_figure_eight
Lair:1:   infiniplex_staircase_pool_2
Lair:3:   minmay_snake_entry_guardpost_small, zaba_anthole, minivault_23,
          minmay_lair_oklob_chamber, grunt_megastairs_1
Lair:4:   minmay_swamp_entry_reptiles, special_room, small_statue_intersection,
          minivault_26
Lair:5:   minmay_slime_entry_pillars, minmay_stone_trees_small,
          serial_bayou_shore_b, uniq_snorg, uniq_josephine
Lair:6:   due_jungle_book, grunt_megastairs_4
Snake:1:  uniq_roxanne
Snake:2:  serial_shops, shop, minmay_shop_star
Orc:1:    uniq_gastronok
Orc:2:    pf_orc_diabolical, serial_shops,
          nicolae_shop_competitors_out_of_business, mines4_lemuel
Sewer:    sewer_frog_island_01

Skill      XL: |  1  2  3  4  5  6  7  8  9 10 11 12 13 14 15 16 |
---------------+-------------------------------------------------+-----
Stealth        | 2 |  2.0
Armour         | 1 2 3 4 5 6 8 9 |  9.9
Fighting       | 1 2 3 4 6 7 8 9 10 | 10.0
Ice Magic      | 4 5 6 8 10 | 10.0
Dodging        | 3 4 5 7 8 9 |  9.6
Summonings     | 2 3 4 5 7 8 10 | 10.0
Spellcasting   | 3 4 6 7 8 9 |  9.5
Conjurations   | 2 3 4 6 7 8 9 |  9.7
Evocations     | 3 4 5 7 8 9 |  9.7
Polearms       | 3 4 6 8 9 |  9.5
Invocations    | 2 4 6 8 9 |  9.3
Transmutations | 2 4 5 |  5.0
Air Magic      | 2 4 5 |  5.0
Earth Magic    | 2 4 5 |  5.0
Bows           | 4 5 |  5.0
Fire Magic     | 2 4 5 |  5.0
Translocations | 2 |  2.2

Action                   |  1- 3 |  4- 6 |  7- 9 | 10-12 | 13-15 | 16-18 || total
-------------------------+-------+-------+-------+-------+-------+-------++-------
Melee: Dagger            |    89 |     3 |       |       |       |       ||    92
       Unarmed           |    11 |       |       |       |       |       ||    11
       Spear             |       |   214 |   421 |     4 |     1 |       ||   640
       Glaive            |       |       |    85 |   350 |   684 |   190 ||  1309
 Fire: Shortbow          |       |       |       |       |    85 |    17 ||   102
 Cast: Freeze            |    23 |    28 |       |       |       |       ||    51
       Throw Frost       |    11 |    24 |    71 |     1 |       |       ||   107
       Summon Ice Beast  |       |       |    35 |   121 |   172 |    49 ||   377
       Summon Lightning  |       |       |       |       |   127 |    82 ||   209
       Passwall          |       |       |       |       |     1 |       ||     1
Invok: Temporal Distorti |       |       |       |     1 |       |     2 ||     3
       Slouch            |       |       |       |       |     6 |     2 ||     8
       Bend Time         |       |       |       |       |     2 |       ||     2
 Abil: Hop               |     1 |       |     1 |     5 |    10 |     3 ||    20
Evoke: Wand              |       |       |       |     2 |    45 |     7 ||    54
       Lamp of fire      |       |       |       |       |     3 |     1 ||     4
       Lightning rod     |       |       |       |       |     4 |     1 ||     5
       Box of beasts     |       |       |       |       |     1 |     1 ||     2
       Sack of spiders   |       |       |       |       |     1 |     1 ||     2
  Use: Potion            |     4 |     2 |     6 |     6 |    11 |       ||    29
       Scroll            |       |     5 |    10 |     6 |    13 |       ||    34
 Stab: Sleeping          |       |     2 |    10 |     2 |     3 |       ||    17
       Distracted        |       |     2 |     3 |     8 |    31 |    11 ||    55
       Petrified         |       |       |       |       |     2 |       ||     2
  Eat: Chunk             |     4 |     9 |    21 |    11 |    11 |     2 ||    58
       Ration            |       |       |     2 |     4 |     6 |     2 ||    14
Armor: Robe              |     9 |    28 |    83 |       |       |       ||   120
       Leather armour    |    17 |    17 |    32 |    45 |       |       ||   111
       Ring mail         |       |       |       |     1 |   129 |    20 ||   150
       Scale mail        |       |       |       |    19 |    36 |       ||    55
       Chain mail        |       |       |       |       |       |    42 ||    42
Dodge: Dodged            |    60 |   140 |   418 |   348 |   649 |   184 ||  1799

Table legend:
 A = Non-vault XP
 B = Vault XP
 C = Vault XP percentage of total XP
 D = Non-vault monster count
 E = Vault monster count
 F = Vault count percentage of total count
                 A         B        C        D         E       F
            +---------+---------+-------+---------+---------+-------
      Total |   95658 |   63173 |  39.8 |     725 |     300 |  29.3
            +---------+---------+-------+---------+---------+-------
        D:1 |      48 |       0 |   0.0 |      20 |       0 |   0.0
        D:2 |     161 |     242 |  60.0 |      25 |       1 |   3.8
        D:3 |      71 |      29 |  29.0 |      30 |       8 |  21.1
        D:4 |     358 |      39 |   9.8 |      22 |       1 |   4.3
        D:5 |     536 |       0 |   0.0 |      32 |       0 |   0.0
        D:6 |     391 |     153 |  28.1 |      25 |       2 |   7.4
        D:7 |     550 |     339 |  38.1 |      19 |       5 |  20.8
        D:8 |    1709 |     119 |   6.5 |      27 |       1 |   3.6
        D:9 |    1929 |    1280 |  39.9 |      33 |      12 |  26.7
       D:10 |    2373 |    2998 |  55.8 |      24 |      31 |  56.4
       D:11 |    3638 |    2172 |  37.4 |      22 |       9 |  29.0
       D:12 |    6214 |   10848 |  63.6 |      42 |      42 |  50.0
       D:13 |    3170 |       0 |   0.0 |      27 |       0 |   0.0
       D:14 |   10315 |   12393 |  54.6 |      38 |      20 |  34.5
       D:15 |   11635 |    5168 |  30.8 |      56 |      16 |  22.2
     Lair:1 |    2538 |       0 |   0.0 |      22 |       0 |   0.0
     Lair:2 |    6924 |       0 |   0.0 |      40 |       0 |   0.0
     Lair:3 |    3418 |    2281 |  40.0 |      14 |      14 |  50.0
     Lair:4 |    1795 |    5017 |  73.6 |      12 |      28 |  70.0
     Lair:5 |    5006 |    1564 |  23.8 |      24 |      10 |  29.4
     Lair:6 |   11178 |    4075 |  26.7 |      46 |      10 |  17.9
    Snake:1 |   15270 |    1074 |   6.6 |      51 |       1 |   1.9
    Snake:2 |    2156 |       0 |   0.0 |       5 |       0 |   0.0
      Orc:1 |    1838 |    1055 |  36.5 |      34 |       1 |   2.9
      Orc:2 |    2437 |   12061 |  83.2 |      35 |      69 |  66.3
      Sewer |       0 |     266 | 100.0 |       0 |      19 | 100.0
            +---------+---------+-------+---------+---------+-------
